[Event "Titled Tuesday Blitz June 27 Late 2023"]
[White "Moral Garcia, Serafin"]
[Black "ArchibaldCerveza29"]
[WhiteFideId "2201925"]
[WhiteElo "2613"]
[BlackElo "2522"]
[Result "0-1"]
[Round "8"]
[TimeControl "180+2"]
[Date "2023.06.27"]
[WhiteClock "0:00:02"]
[BlackClock "0:00:05"]
[Board "58"]

1. e4 e5 2. Nf3 Nc6 3. Nc3 Nf6 4. Nxe5 Nxe5 5. d4 Ng6 6. e5 Ng8 7. Bc4 d5 8. Bxd5 c6 9. Bb3 Be6 10. Bxe6 fxe6 11. Qg4 Qd7 12. Ne4 O-O-O 13. c3 Kb8 14. h4 Qf7 15. Ng5 Qf5 16. Qxf5 exf5 17. h5 Nxe5 18. dxe5 Nh6 19. Bf4 Kc8 20. Ne6 Re8 21. Nxf8 Rhxf8 22. O-O Ng4 23. Rfe1 Re6 24. f3 Nh6 25. Rad1 Nf7 26. Rd2 g5 27. hxg6 hxg6 28. g4 Rd8 29. Rxd8+ Nxd8 30. gxf5 gxf5 31. Kf2 Rg6 32. Rh1 Ne6 33. Be3 b6 34. Rh7 Kb8 35. Re7 f4 36. Bd2 Rh6 37. Ke2 Rh2+ 38. Kd3 Nc5+ 39. Kc2 Re2 40. Kd1 Rf2 41. Bxf4 Nd3 42. Bg3 Nxb2+ 43. Ke1 Nd3+ 44. Kd1 Nb2+ 45. Kc1 Nd3+ 46. Kb1 Rb2+ 47. Ka1 Rg2 48. Be1 Rg1 49. Kb1 Rxe1+ 50. Kc2 Nxe5 51. f4 Nf3 52. Rh7 Re4 53. f5 Rf4 54. Rf7 Ne5 55. Rf8+ Kc7 56. Kd2 Kd6 57. Ke3 Rf1 58. Rf6+ Kd5 59. Rf8 Ng4+ 60. Ke2 Rf2+ 61. Kd3 Ne5+ 62. Ke3 Ng4+ 63. Kd3 Rf3+ 64. Kc2 Ne3+ 65. Kb3 Rxf5 66. Ra8 a5 67. Ra6 Kc5 68. Ra8 Nc4 69. Rh8 b5 70. a4 Rf2 71. Rh5+ Kb6 72. axb5 cxb5 73. Rh6+ Kc5 74. Rc6+ Kd5 75. Rc5+ Ke4 76. Rxb5 Nd2+ 77. Ka4 Nc4 78. Kb3 Nd2+ 79. Ka4 Nf3 80. Kxa5 Kd3 81. Kb6 Kxc3 82. Rf5 Kd3 83. Kc7 Ke3 84. Rf8 Rd2 85. Kc6 Ne5+ 86. Kc5 Ke4 87. Re8 Rd5+ 88. Kb4 Rd1 89. Kc5 Rc1+ 90. Kb5 Kd5 91. Rd8+ Ke6 92. Rd2 Nd7 93. Re2+ Kd6 94. Rd2+ Kc7 95. Re2 Rb1+ 96. Kc4 Kd6 97. Kd4 Ne5 98. Rh2 Nf3+ 99. Ke3 Nxh2 100. Kd2 Rb3 101. Kc2 Rf3 102. Kd2 Kd5 0-1


[Site "https://www.chess.com"]

[Event "Titled Tuesday Blitz June 27 Late 2023"]
[White "Grinev, Valeriy"]
[Black "Mattheii"]
[WhiteFideId "14117517"]
[WhiteElo "2610"]
[BlackElo "2510"]
[Result "1-0"]
[Round "8"]
[TimeControl "180+2"]
[Date "2023.06.27"]
[WhiteClock "0:01:26"]
[BlackClock "0:00:02"]
[Board "59"]

1. e4 c5 2. Nc3 Nc6 3. d3 g6 4. Be3 d6 5. d4 cxd4 6. Bxd4 e5 7. Be3 Be6 8. Qd2 f5 9. f3 fxe4 10. fxe4 Nf6 11. O-O-O Ng4 12. Bg5 Be7 13. h4 O-O 14. Nf3 Rc8 15. Kb1 a6 16. Nd5 Bxg5 17. Nxg5 Nd4 18. c3 Bxd5 19. exd5 Rf2 20. Qc1 Qb6 21. Bd3 Rxg2 22. Nxh7 Kxh7 23. h5 Kg7 24. hxg6 Rh8 25. Rxh8 Kxh8 26. Rh1+ Kg8 27. cxd4 Qxd4 28. Qc8+ Kg7 29. Qd7+ Kf6 30. Qd8+ Kg7 31. Rh7# 1-0


[Site "https://www.chess.com"]

[Event "Titled Tuesday Blitz June 27 Late 2023"]
[White "Isajevsky, Anton"]
[Black "Karthik, Advaith"]
[WhiteFideId "4142500"]
[BlackFideId "30946050"]
[WhiteElo "2606"]
[BlackElo "2460"]
[Result "0-1"]
[Round "8"]
[TimeControl "180+2"]
[Date "2023.06.27"]
[WhiteClock "0:00:07"]
[BlackClock "0:00:33"]
[Board "60"]

1. c4 Nf6 2. Nf3 e6 3. Nc3 d5 4. e3 Be7 5. b3 c5 6. cxd5 exd5 7. d4 O-O 8. Be2 cxd4 9. Nxd4 Bb4 10. Bd2 Qa5 11. Rc1 Nc6 12. Nxc6 bxc6 13. O-O Bb7 14. Rc2 Rad8 15. Na4 Bxd2 16. Qxd2 Qxd2 17. Rxd2 Ne4 18. Rc2 d4 19. exd4 Rxd4 20. f3 Nf6 21. Kf2 Rfd8 22. Nc5 Bc8 23. g4 h6 24. Rfc1 Nd5 25. a3 Nf4 26. b4 Rd2 27. Kf1 Nxe2 28. Rxd2 Rxd2 29. Re1 Nd4 30. Re8+ Kh7 31. Rxc8 Nxf3 32. Rxc6 Nxh2+ 33. Ke1 Nf3+ 34. Kf1 Ra2 35. a4 Nh2+ 36. Ke1 Nxg4 37. Rc7 h5 38. Ne4 Rxa4 39. Rxf7 Rxb4 40. Ng3 h4 41. Ne2 Re4 42. Kd2 h3 43. Kd3 Re3+ 44. Kd2 h2 45. Rf1 Rh3 0-1


[Site "https://www.chess.com"]

[Event "Titled Tuesday Blitz June 27 Late 2023"]
[White "Gubajdullin, Alexei"]
[Black "Mickiewicz, Piotr"]
[WhiteFideId "4141202"]
[BlackFideId "1114891"]
[WhiteElo "2605"]
[BlackElo "2458"]
[Result "1-0"]
[Round "8"]
[TimeControl "180+2"]
[Date "2023.06.27"]
[WhiteClock "0:01:53"]
[BlackClock "0:00:00"]
[Board "61"]

1. d4 d5 2. Nf3 Nf6 3. Bf4 c5 4. e3 Nc6 5. Nbd2 cxd4 6. exd4 Bg4 7. c3 e6 8. Qb3 Qc8 9. Ne5 Nxe5 10. Bxe5 Nd7 11. Bf4 Be7 12. Bd3 Bh5 13. O-O O-O 14. Rae1 Bg6 15. Bxg6 hxg6 16. Re3 Qc6 17. Nf3 b5 18. Bg5 Bd6 19. Ne5 Bxe5 20. dxe5 Rfe8 21. Qd1 a5 22. b3 b4 23. cxb4 axb4 24. Qg4 Rxa2 25. Qh4 f6 26. exf6 e5 27. fxg7 Qe6 28. Qh8+ Kf7 29. Rf3+ 1-0


[Site "https://www.chess.com"]

[Event "Titled Tuesday Blitz June 27 Late 2023"]
[White "Nunez V, Gustavo Eduardo"]
[Black "MKlose11"]
[WhiteFideId "4403690"]
[WhiteElo "2447"]
[BlackElo "2597"]
[Result "1-0"]
[Round "8"]
[TimeControl "180+2"]
[Date "2023.06.27"]
[WhiteClock "0:00:29"]
[BlackClock "0:00:00"]
[Board "62"]

1. e4 e6 2. d3 c5 3. Nd2 Nc6 4. g3 g6 5. Bg2 Bg7 6. Ne2 Nge7 7. O-O O-O 8. Nc3 Rb8 9. a4 a6 10. f4 b5 11. axb5 axb5 12. Nf3 Nd4 13. e5 d5 14. Nxd4 cxd4 15. Ne2 Qb6 16. Bd2 Bd7 17. Bb4 Rfe8 18. Bd6 Rbc8 19. g4 Rc6 20. Nc1 Rxd6 21. exd6 Qxd6 22. Nb3 Rc8 23. Kh1 h6 24. Rf2 Kh7 25. Qd2 Bf6 26. Raf1 h5 27. h3 hxg4 28. hxg4 Kg8 29. Bh3 b4 30. g5 Bg7 31. Bg4 Ba4 32. Kg2 Qc7 33. Qxb4 Bxb3 34. Qxb3 Rb8 35. Qa3 Bf8 36. Qa1 Nc6 37. b3 Bd6 38. Rh1 Bxf4 39. Qf1 Bxg5 40. Rxf7 Qxf7 41. Rh8+ Kxh8 42. Qxf7 Ne5 43. Qxe6 Nxg4 44. Qxg4 Bf6 45. Qxg6 Bg7 46. Qh5+ Kg8 47. Qxd5+ Kh7 48. Qe4+ Kg8 49. Qe6+ Kh8 50. Qd6 Rf8 51. b4 Rf6 52. Qd8+ Kh7 53. b5 Rg6+ 54. Kf3 Rf6+ 55. Ke4 Re6+ 56. Kd5 Re2 57. Qc8 Re5+ 58. Kc4 Re2 59. Qf5+ 1-0


[Site "https://www.chess.com"]

[Event "Titled Tuesday Blitz June 27 Late 2023"]
[White "Labussiere, Yago"]
[Black "Ballester Llagaria, Luis Eduardo"]
[WhiteFideId "2186969"]
[BlackFideId "2297620"]
[WhiteElo "2445"]
[BlackElo "2596"]
[Result "0-1"]
[Round "8"]
[TimeControl "180+2"]
[Date "2023.06.27"]
[WhiteClock "0:00:25"]
[BlackClock "0:01:38"]
[Board "63"]

1. d4 d5 2. c4 dxc4 3. Nf3 Nf6 4. e3 e6 5. Bxc4 a6 6. O-O b5 7. Bd3 Bb7 8. Qe2 c5 9. Rd1 Nbd7 10. dxc5 Bxc5 11. Nc3 O-O 12. a3 Rc8 13. e4 Qb6 14. Bf4 h6 15. Rac1 Rfd8 16. h3 Qa7 17. Bb1 Qa8 18. Qc2 Be7 19. e5 Ne4 20. Nd2 Ndc5 21. b4 Nd3 22. Ndxe4 Bxe4 23. f3 Nxc1 24. fxe4 Rxc3 25. Rxd8+ Qxd8 26. Qxc3 Ne2+ 27. Kh2 Nxc3 0-1


[Site "https://www.chess.com"]

[Event "Titled Tuesday Blitz June 27 Late 2023"]
[White "ATM622"]
[Black "Hoffmann, Asa"]
[BlackFideId "2001470"]
[WhiteElo "2590"]
[BlackElo "2443"]
[Result "0-1"]
[Round "8"]
[TimeControl "180+2"]
[Date "2023.06.27"]
[WhiteClock "0:00:01"]
[BlackClock "0:00:30"]
[Board "64"]

1. d4 Nf6 2. c4 c5 3. d5 e5 4. Nc3 d6 5. g3 Be7 6. Bg2 O-O 7. Nf3 Ne8 8. O-O f5 9. e4 f4 10. h4 Bg4 11. Qd3 Nd7 12. a3 g5 13. hxg5 Bxg5 14. Ne2 Ng7 15. Nxg5 Qxg5 16. f3 Bh5 17. Qd2 Rf6 18. gxf4 exf4 19. Nxf4 Ne5 20. Nxh5 Qxh5 21. f4 Ng4 22. Rf3 Qh2+ 23. Kf1 Raf8 24. f5 Qe5 25. Rf4 h5 26. Rb1 Nxf5 27. exf5 Rxf5 28. Qc3 Rxf4+ 29. Kg1 Rf1+ 30. Bxf1 Qh2# 0-1


[Site "https://www.chess.com"]

[Event "Titled Tuesday Blitz June 27 Late 2023"]
[White "Sargsyan, Anna M."]
[Black "Bernado Lopez, Roger"]
[WhiteFideId "13308130"]
[BlackFideId "24585009"]
[WhiteElo "2590"]
[BlackElo "2371"]
[Result "1-0"]
[Round "8"]
[TimeControl "180+2"]
[Date "2023.06.27"]
[WhiteClock "0:02:07"]
[BlackClock "0:00:07"]
[Board "65"]

1. d4 d5 2. c4 e6 3. Nf3 Nf6 4. Nc3 h6 5. cxd5 exd5 6. Qc2 c6 7. Bf4 Bd6 8. Bxd6 Qxd6 9. e3 O-O 10. Bd3 Qe7 11. O-O Nbd7 12. Rab1 Ne4 13. b4 Nxc3 14. Qxc3 a6 15. a4 Nf6 16. b5 cxb5 17. axb5 a5 18. Rfc1 Rd8 19. Ne5 Ng4 20. Qc7 Qxc7 21. Rxc7 Nxe5 22. dxe5 Rd7 23. Rc5 b6 24. Rc6 Rb7 25. Rd6 Be6 26. f4 g6 27. Bxg6 a4 28. Bd3 a3 29. f5 a2 30. Ra1 Bc8 31. Rd8+ Kg7 32. f6# 1-0


[Site "https://www.chess.com"]

[Event "Titled Tuesday Blitz June 27 Late 2023"]
[White "Matinian, Nikita"]
[Black "Guzman Moneo, Alberto"]
[WhiteFideId "24129100"]
[BlackFideId "2209616"]
[WhiteElo "2715"]
[BlackElo "2401"]
[Result "1-0"]
[Round "8"]
[TimeControl "180+2"]
[Date "2023.06.27"]
[WhiteClock "0:02:08"]
[BlackClock "0:00:49"]
[Board "66"]

1. e4 e6 2. d4 d5 3. Nc3 Bb4 4. e5 c5 5. a3 Ba5 6. b4 cxd4 7. Nb5 Bc7 8. f4 Nc6 9. Nf3 Nge7 10. Bd3 a6 11. Nxc7+ Qxc7 12. Bb2 Nf5 13. Bxf5 exf5 14. Nxd4 O-O 15. O-O Be6 16. Rf3 Rac8 17. Rc1 Nxd4 18. Bxd4 Qc4 19. c3 a5 20. Rg3 axb4 21. axb4 Ra8 22. h3 Ra2 23. Kh2 Rfa8 24. Qh5 Qe2 25. Qg5 g6 26. b5 Rc2 27. Rxc2 Qxc2 28. h4 Kf8 29. h5 Ke8 30. Bc5 Kd7 31. Qe7+ Kc8 32. Bd6 Qxc3 33. Qe8# 1-0


[Site "https://www.chess.com"]

[Event "Titled Tuesday Blitz June 27 Late 2023"]
[White "Baches Garcia, Guillermo"]
[Black "Pakleza, Zbigniew"]
[WhiteFideId "2209764"]
[BlackFideId "1119290"]
[WhiteElo "2469"]
[BlackElo "2707"]
[Result "0-1"]
[Round "8"]
[TimeControl "180+2"]
[Date "2023.06.27"]
[WhiteClock "0:01:29"]
[BlackClock "0:01:37"]
[Board "67"]

1. e4 d6 2. d4 Nf6 3. f3 Nbd7 4. Be3 e5 5. Ne2 Be7 6. Qd2 O-O 7. Nbc3 c6 8. O-O-O b5 9. g4 b4 10. Nb1 a5 11. h4 d5 12. g5 Nh5 13. exd5 cxd5 14. Bh3 Nb6 15. Bg4 Nc4 16. Qd3 Bxg4 17. fxg4 e4 18. gxh5 exd3 19. Rxd3 Nxe3 0-1


[Site "https://www.chess.com"]

[Event "Titled Tuesday Blitz June 27 Late 2023"]
[White "Veiga, Jose Francisco R P Neves"]
[Black "Tomaszewski, Kacper"]
[WhiteFideId "1930087"]
[BlackFideId "1127373"]
[WhiteElo "2659"]
[BlackElo "2467"]
[Result "1-0"]
[Round "8"]
[TimeControl "180+2"]
[Date "2023.06.27"]
[WhiteClock "0:01:22"]
[BlackClock "0:00:34"]
[Board "68"]

1. c4 Nf6 2. Nc3 e6 3. e4 c5 4. g3 Nc6 5. Bg2 Be7 6. Nge2 O-O 7. d4 cxd4 8. Nxd4 d6 9. O-O Bd7 10. Be3 Ne5 11. b3 Rc8 12. Rc1 a6 13. h3 Nc6 14. Qe2 Nxd4 15. Bxd4 Bc6 16. Rfd1 Qa5 17. Qe3 Nd7 18. Ne2 e5 19. Bc3 Qxa2 20. Bb4 a5 21. Rd2 Qxd2 22. Bxd2 b6 23. b4 axb4 24. Bxb4 Nc5 25. Bxc5 dxc5 26. Nc3 h6 27. h4 Ra8 28. Nd5 Bd8 29. Rb1 Ra6 30. Kh2 f6 31. Qf3 Rf7 32. Bh3 Kf8 33. Be6 Rfa7 34. Qf5 Be8 35. h5 Bf7 36. Bxf7 Kxf7 37. Qc8 Ra8 38. Qd7+ Kf8 39. Nxb6 Bxb6 40. Qd6+ Kf7 41. Rxb6 Ra2 42. Qd5+ Kf8 43. Kg2 1-0


[Site "https://www.chess.com"]

[Event "Titled Tuesday Blitz June 27 Late 2023"]
[White "whiteglovethief"]
[Black "Prestia, Paris"]
[BlackFideId "30925959"]
[WhiteElo "2458"]
[BlackElo "2658"]
[Result "1-0"]
[Round "8"]
[TimeControl "180+2"]
[Date "2023.06.27"]
[WhiteClock "0:00:05"]
[BlackClock "0:00:10"]
[Board "69"]

1. d4 Nf6 2. c4 e6 3. Nf3 c5 4. Nc3 cxd4 5. Nxd4 Bb4 6. Nc2 Bxc3+ 7. bxc3 O-O 8. g3 b6 9. Bg2 Nc6 10. Ba3 Re8 11. c5 Bb7 12. cxb6 axb6 13. Bd6 Na5 14. O-O Bxg2 15. Kxg2 Qc8 16. Be5 Nc4 17. Bxf6 Qc6+ 18. Kg1 gxf6 19. Qd4 f5 20. Nb4 Qc7 21. Nd3 d5 22. Qh4 Qe7 23. Qh5 Qf6 24. Nf4 Qxc3 25. Qh4 Kh8 26. Nh5 Rg8 27. Rfc1 Qe5 28. Rab1 Rg4 29. Qe7 Rg7 30. Nxg7 Kxg7 31. a3 Qxe2 32. Qg5+ Kh8 33. Qf6+ Kg8 34. Qg5+ Kf8 35. Qh6+ Ke7 36. Qh4+ Ke8 37. Qxh7 Rxa3 38. Qh8+ Ke7 39. Qh4+ Ke8 40. Qh8+ Kd7 41. Qf8 Ra2 42. Qxf7+ Kd6 43. Rxb6+ Kc5 44. Qc7+ Kd4 45. Qf4+ Kc5 46. Rb7 e5 47. Qxf5 Kd4 48. Rbb1 Rd2 49. Re1 Qd3 50. Qxd3+ Kxd3 51. h4 e4 52. h5 Ne5 53. Red1 d4 54. Rxd2+ Kxd2 55. h6 e3 56. fxe3 dxe3 57. h7 Ng6 58. Kf1 Nh8 59. Re1 Ng6 60. g4 Nh8 61. Re2+ Kd3 62. Ra2 Ng6 63. Ra8 Kd2 64. Rd8+ Kc3 65. h8=Q+ Nxh8 66. Rxh8 Kd3 67. Re8 Kd2 68. g5 e2+ 69. Rxe2+ Kd3 1-0


[Site "https://www.chess.com"]

[Event "Titled Tuesday Blitz June 27 Late 2023"]
[White "cafu1950"]
[Black "Kisic, Bozidar"]
[BlackFideId "16500350"]
[WhiteElo "2619"]
[BlackElo "2456"]
[Result "1-0"]
[Round "8"]
[TimeControl "180+2"]
[Date "2023.06.27"]
[WhiteClock "0:01:39"]
[BlackClock "0:01:55"]
[Board "70"]

1. d4 d5 2. Nc3 e6 3. Bf4 Bd6 4. Bxd6 Qxd6 5. Nf3 Nd7 6. a3 a6 7. e4 dxe4 8. Nxe4 Qb6 9. b3 Ngf6 10. Nxf6+ Nxf6 11. Bd3 O-O 12. O-O Rd8 13. Qe2 Bd7 14. Rad1 Bb5 15. c4 Bc6 16. Ne5 Qxb3 17. Nxc6 bxc6 18. Qf3 Qxa3 19. Bxh7+ 1-0


[Site "https://www.chess.com"]

[Event "Titled Tuesday Blitz June 27 Late 2023"]
[White "Martinez Ramirez, Lennis"]
[Black "szachmistrz2500"]
[WhiteFideId "3509079"]
[WhiteElo "2615"]
[BlackElo "2449"]
[Result "1/2-1/2"]
[Round "8"]
[TimeControl "180+2"]
[Date "2023.06.27"]
[WhiteClock "0:01:06"]
[BlackClock "0:00:37"]
[Board "71"]

1. b3 Nf6 2. Bb2 g6 3. Bxf6 exf6 4. c4 Bg7 5. Nc3 f5 6. g3 d6 7. Bg2 Nc6 8. e3 h5 9. h4 Be6 10. Nge2 Rb8 11. d4 Ne7 12. d5 Bd7 13. a4 Ng8 14. Rc1 Nf6 15. Nd4 a6 16. b4 Qe7 17. c5 O-O 18. c6 bxc6 19. dxc6 Be6 20. b5 axb5 21. Ndxb5 Ng4 22. O-O Bc4 23. Nd5 Bxd5 24. Qxd5 Ra8 25. Rc4 Ra5 26. e4 f4 27. e5 Bxe5 28. Bf3 Nf6 29. Qd2 fxg3 30. Qxa5 Ng4 31. Kg2 Qxh4 32. Rh1 Ne3+ 33. fxe3 Qxc4 34. Nxc7 Qc2+ 35. Kh3 Qf5+ 36. Kg2 Qc2+ 37. Kh3 Qf5+ 38. Kg2 Qc2+ 1/2-1/2


[Site "https://www.chess.com"]

[Event "Titled Tuesday Blitz June 27 Late 2023"]
[White "Sun, Rick"]
[Black "Pinto, Daniel"]
[WhiteFideId "30909481"]
[BlackFideId "3303144"]
[WhiteElo "2590"]
[BlackElo "2421"]
[Result "1-0"]
[Round "8"]
[TimeControl "180+2"]
[Date "2023.06.27"]
[WhiteClock "0:00:08"]
[BlackClock "0:00:00"]
[Board "72"]

1. d4 Nf6 2. Nc3 c5 3. d5 d6 4. e4 g6 5. Nf3 Bg7 6. Bb5+ Nfd7 7. a4 O-O 8. h4 Nf6 9. h5 Bg4 10. hxg6 fxg6 11. Be3 Nbd7 12. Qd2 Bxf3 13. gxf3 Ne5 14. Be2 Rb8 15. Bh6 Nh5 16. Be3 Nxf3+ 17. Bxf3 Rxf3 18. O-O-O Qd7 19. Qe2 Rbf8 20. Rdg1 Nf4 21. Qd1 Nh3 22. Rg3 Rxg3 23. fxg3 Nf2 24. Bxf2 Rxf2 25. Qe1 Bd4 26. Rf1 Rxf1 27. Qxf1 Qg4 28. Ne2 Be3+ 29. Kb1 Qxe4 30. Nc3 Qf5 31. Qb5 b6 32. Qe8+ Qf8 33. Qd7 Bd4 34. Ne4 Qf1+ 35. Ka2 Qf7 36. c4 h6 37. Qxa7 Kg7 38. Qxb6 g5 39. a5 Qf5 40. a6 Qxe4 41. a7 Qc2 42. Qb3 Qxb3+ 43. Kxb3 1-0


[Site "https://www.chess.com"]

[Event "Titled Tuesday Blitz June 27 Late 2023"]
[White "Yolosz"]
[Black "Bitoon, Richard"]
[BlackFideId "5201110"]
[WhiteElo "2413"]
[BlackElo "2574"]
[Result "0-1"]
[Round "8"]
[TimeControl "180+2"]
[Date "2023.06.27"]
[WhiteClock "0:00:11"]
[BlackClock "0:01:07"]
[Board "73"]

1. d4 Nf6 2. Bf4 d6 3. e3 g6 4. Nc3 Nbd7 5. h4 e5 6. Bg3 Nh5 7. Nge2 Bg7 8. d5 f5 9. Qd2 Nb6 10. b3 f4 11. exf4 exf4 12. Bxf4 Nxf4 13. Nxf4 O-O 14. Ne6 Bxe6 15. dxe6 Qf6 16. Rh3 Rae8 17. O-O-O Qxf2 18. Qxf2 Rxf2 19. Re1 Rf6 20. Nb5 Rfxe6 21. Rxe6 Rxe6 22. Bd3 c6 23. Nxa7 Bc3 24. Bc4 Nxc4 25. Rxc3 Re1# 0-1


[Site "https://www.chess.com"]

[Event "Titled Tuesday Blitz June 27 Late 2023"]
[White "Bayo Milagro, Alvaro"]
[Black "Arnold, Ken"]
[WhiteFideId "22275240"]
[BlackFideId "2056836"]
[WhiteElo "2573"]
[BlackElo "2402"]
[Result "1-0"]
[Round "8"]
[TimeControl "180+2"]
[Date "2023.06.27"]
[WhiteClock "0:00:52"]
[BlackClock "0:00:10"]
[Board "74"]

1. Nf3 c6 2. d4 d5 3. c4 Nf6 4. Nc3 Bg4 5. Ne5 Be6 6. cxd5 Nxd5 7. e4 Nxc3 8. bxc3 Nd7 9. Nf3 Nf6 10. e5 Nd5 11. Bd2 Nb6 12. Bd3 g6 13. O-O Bg7 14. Ng5 Qd7 15. Ne4 Bc4 16. Nc5 Qc7 17. Bxc4 Nxc4 18. Rb1 b6 19. Ne4 Nxd2 20. Qxd2 O-O 21. f4 Rfd8 22. Rbd1 e6 23. Qf2 c5 24. Qh4 h6 25. Nf6+ Bxf6 26. exf6 Kh7 27. Rf3 Rd5 28. g4 cxd4 29. Rxd4 Qc5 30. g5 h5 31. Qf2 Rad8 32. Rfd3 Rxd4 33. Rxd4 Rxd4 34. Qxd4 Qxd4+ 35. cxd4 Kg8 36. Kf2 Kf8 37. Ke3 Ke8 38. d5 Kd7 39. Kd4 Kd6 40. dxe6 Kxe6 41. Kc4 a6 42. Kd4 h4 43. h3 Kf5 44. Kd5 Kxf4 45. Kd6 Kg3 46. Ke7 Kxh3 47. Kxf7 Kg2 48. Kxg6 h3 49. f7 h2 50. f8=Q h1=Q 51. Qa8+ Kg1 52. Qxh1+ Kxh1 53. Kh5 b5 54. g6 b4 55. g7 1-0


[Site "https://www.chess.com"]

[Event "Titled Tuesday Blitz June 27 Late 2023"]
[White "O`Gorman, Tom"]
[Black "Cooklev, Steven"]
[WhiteFideId "2508249"]
[BlackFideId "2050552"]
[WhiteElo "2544"]
[BlackElo "2390"]
[Result "1/2-1/2"]
[Round "8"]
[TimeControl "180+2"]
[Date "2023.06.27"]
[WhiteClock "0:00:24"]
[BlackClock "0:00:06"]
[Board "75"]

1. e4 c5 2. Nf3 Nc6 3. c3 Nf6 4. e5 Nd5 5. d4 cxd4 6. Bc4 Nb6 7. Bb3 d5 8. cxd4 Bg4 9. Be3 e6 10. Nbd2 Be7 11. O-O O-O 12. h3 Bf5 13. a3 h6 14. Rc1 Rc8 15. Bc2 Bxc2 16. Rxc2 Na5 17. Qb1 Qd7 18. Rfc1 Rxc2 19. Rxc2 Rc8 20. Qc1 Rxc2 21. Qxc2 Qc6 22. Qxc6 bxc6 23. Kf1 Nbc4 24. Nxc4 Nxc4 25. Bc1 c5 26. dxc5 Bxc5 27. Ke2 Kf8 28. a4 Ke7 29. g4 Kd7 30. h4 Be7 31. h5 f6 32. exf6 Bxf6 33. b4 e5 34. Nd2 Nd6 35. Nb3 Ne4 36. Bb2 Kc6 37. f3 Nd6 38. b5+ Kb6 39. Ba3 Nc4 40. Bc5+ Kb7 41. a5 Bd8 42. a6+ Kb8 43. Nd2 Nb2 44. Bf8 Bf6 45. Ba3 Na4 46. Kd3 Kc7 47. Bb4 Kb6 48. Bf8 Kxb5 49. Nf1 Kxa6 50. Ng3 Kb5 51. Nf5 Nc5+ 52. Kc2 e4 53. fxe4 Nxe4 54. Bxg7 Bxg7 55. Nxg7 Nf2 56. g5 Ng4 57. g6 Nf6 58. Nf5 Nxh5 59. Nxh6 Kc4 60. Nf5 d4 61. g7 d3+ 62. Kd2 Nxg7 63. Nxg7 a5 64. Nf5 a4 65. Ne3+ Kd4 66. Nd1 a3 67. Nc3 Kc4 68. Na2 Kb3 69. Nc1+ Kb2 70. Nxd3+ Kb1 71. Nb4 Kb2 72. Kd1 Kb3 73. Nc2 a2 74. Kc1 Kc3 75. Na1 Kb4 76. Kb2 Ka4 77. Kc2 Ka3 78. Kc3 Ka4 79. Kb2 Kb4 80. Kxa2 1/2-1/2


[Site "https://www.chess.com"]

[Event "Titled Tuesday Blitz June 27 Late 2023"]
[White "Perez, Maximiliano"]
[Black "Davidson, Kevin"]
[WhiteFideId "117234"]
[BlackFideId "2056810"]
[WhiteElo "2533"]
[BlackElo "2384"]
[Result "1-0"]
[Round "8"]
[TimeControl "180+2"]
[Date "2023.06.27"]
[WhiteClock "0:01:55"]
[BlackClock "0:00:00"]
[Board "76"]

1. e4 c5 2. Nf3 d6 3. d4 cxd4 4. Nxd4 Nf6 5. Nc3 a6 6. Be3 e5 7. Nb3 Be6 8. Be2 Be7 9. Nd5 Nxd5 10. exd5 Bc8 11. O-O O-O 12. a4 a5 13. f4 Nd7 14. Kh1 exf4 15. Bxf4 Ne5 16. c4 Bg5 17. Bg3 Re8 18. Nd4 Qb6 19. Nb5 g6 20. b4 axb4 21. a5 Qd8 22. c5 dxc5 23. d6 Rxa5 24. Rxa5 Qxa5 25. Nc7 Rd8 26. Bxe5 Qxc7 27. dxc7 Rxd1 28. Rxd1 b5 29. Rd8+ 1-0


[Site "https://www.chess.com"]

[Event "Titled Tuesday Blitz June 27 Late 2023"]
[White "Jovic, Stanoje"]
[Black "GAO"]
[WhiteFideId "905020"]
[WhiteElo "2515"]
[BlackElo "2360"]
[Result "1-0"]
[Round "8"]
[TimeControl "180+2"]
[Date "2023.06.27"]
[WhiteClock "0:01:15"]
[BlackClock "0:00:00"]
[Board "77"]

1. c4 Nf6 2. g3 e6 3. Bg2 d5 4. Nf3 Be7 5. O-O O-O 6. b3 c5 7. cxd5 Nxd5 8. Bb2 Nc6 9. d3 Bf6 10. Qc1 b6 11. Nbd2 Bb7 12. Ne4 Bxb2 13. Qxb2 e5 14. Nxe5 Nxe5 15. Qxe5 Re8 16. Qb2 Qe7 17. Rfe1 Rad8 18. a3 h5 19. h4 Qd7 20. Bf3 Qf5 21. b4 cxb4 22. axb4 a6 23. Rac1 Re7 24. Rc2 a5 25. bxa5 bxa5 26. Rec1 Nb4 27. Rc7 Rxc7 28. Rxc7 Ba8 29. Rc5 Nxd3 30. Rxf5 Nxb2 31. Rxa5 Nc4 32. Rxh5 g6 33. Rc5 Nb6 34. Ra5 Kg7 35. h5 gxh5 36. Rg5+ Kf8 37. Rxh5 Ke7 38. Re5+ Kf8 39. Rb5 Nc4 40. Ng5 Bxf3 41. Nxf3 Rd1+ 42. Kg2 Nd6 43. Re5 Nc4 44. Rf5 Nd6 45. Rf4 Ke7 46. g4 Rd5 47. Nh4 Ne8 48. Nf5+ Kf8 49. Ra4 Rb5 50. Ra8 Rd5 51. e4 Rd2 52. e5 Rd5 53. f4 1-0


[Site "https://www.chess.com"]

[Event "Titled Tuesday Blitz June 27 Late 2023"]
[White "Czerw, Dawid"]
[Black "Taranenko, Evgueniy"]
[WhiteFideId "1145746"]
[BlackFideId "14122138"]
[WhiteElo "2506"]
[BlackElo "2316"]
[Result "0-1"]
[Round "8"]
[TimeControl "180+2"]
[Date "2023.06.27"]
[WhiteClock "0:00:05"]
[BlackClock "0:00:13"]
[Board "78"]

1. e4 e6 2. d4 d5 3. Nc3 Nf6 4. Bg5 Be7 5. e5 Nfd7 6. h4 h6 7. Qh5 g6 8. Bxe7 Qxe7 9. Qg4 a6 10. f4 c5 11. Nf3 Nc6 12. O-O-O b5 13. h5 g5 14. fxg5 cxd4 15. Ne2 Ndxe5 16. Nxe5 Nxe5 17. Qxd4 Qxg5+ 18. Kb1 Bd7 19. Nc3 Rc8 20. Re1 f6 21. Bd3 O-O 22. Rh3 Kh8 23. a3 Qg4 24. Qa7 Ra8 25. Qc7 Rfc8 26. Qd6 Rc6 27. Qe7 Qg7 28. Qb4 Rac8 29. Rf1 Nc4 30. Bxc4 Rxc4 31. Qd6 R4c6 32. Qf4 e5 33. Qf3 Bxh3 34. gxh3 d4 35. Ne4 Rxc2 36. Ng3 Rd2 37. Ne4 Rh2 38. Qf5 Rcc2 39. Ka1 Rxb2 40. Nxf6 Ra2+ 41. Kb1 Rhb2+ 42. Kc1 Qc7+ 43. Kd1 Ra1+ 44. Qb1 Raxb1# 0-1


[Site "https://www.chess.com"]

[Event "Titled Tuesday Blitz June 27 Late 2023"]
[White "Womacka, Mathias"]
[Black "StarkyNZ"]
[WhiteFideId "4611390"]
[WhiteElo "2503"]
[BlackElo "2285"]
[Result "1-0"]
[Round "8"]
[TimeControl "180+2"]
[Date "2023.06.27"]
[WhiteClock "0:00:07"]
[BlackClock "0:00:19"]
[Board "79"]

1. e4 e6 2. d4 d5 3. Nd2 dxe4 4. Nxe4 Bd7 5. Nf3 Bc6 6. Bd3 Nd7 7. O-O Ngf6 8. Ned2 Be7 9. Nc4 b6 10. Nce5 Bb7 11. Bb5 O-O 12. Nc6 Bxc6 13. Bxc6 Rb8 14. Qe2 a5 15. c4 Rc8 16. Rd1 Bd6 17. Bg5 Be7 18. Ne5 h6 19. Bxd7 hxg5 20. Bxc8 Qxc8 21. Nf3 Nh7 22. d5 Bf6 23. dxe6 fxe6 24. Rac1 e5 25. c5 Qf5 26. cxb6 cxb6 27. Rc4 g4 28. Nd2 Bh4 29. g3 Bg5 30. Rxg4 Bxd2 31. Rxd2 Ng5 32. Kg2 e4 33. Rf4 Qh3+ 34. Kg1 Nf3+ 35. Rxf3 exf3 36. Qf1 Qh6 37. Rd3 Qg6 38. Qd1 Qg4 39. h3 Qxh3 40. Rxf3 Rxf3 41. Qxf3 Qe6 42. Qb3 Kf7 43. Qxe6+ Kxe6 44. f4 Kd5 45. Kf2 Kd4 46. Kf3 a4 47. g4 Kd3 48. f5 Kc2 49. g5 Kxb2 50. f6 gxf6 51. gxf6 Kxa2 52. f7 a3 53. f8=Q Ka1 54. Qxa3+ Kb1 1-0


[Site "https://www.chess.com"]

[Event "Titled Tuesday Blitz June 27 Late 2023"]
[White "Castella Garcia, Fausto"]
[Black "Reprintsev, Alexander"]
[WhiteFideId "3501922"]
[BlackFideId "14100541"]
[WhiteElo "2377"]
[BlackElo "2489"]
[Result "1-0"]
[Round "8"]
[TimeControl "180+2"]
[Date "2023.06.27"]
[WhiteClock "0:00:45"]
[BlackClock "0:00:45"]
[Board "80"]

1. e4 e5 2. Nf3 Nc6 3. Bb5 Bc5 4. O-O d6 5. d4 exd4 6. Nxd4 Bd7 7. Nf5 Qf6 8. Nc3 Bxf5 9. Nd5 Qd4 10. Qxd4 Bxd4 11. exf5 O-O-O 12. c3 Nf6 13. Bxc6 bxc6 14. Ne7+ Kd7 15. Nxc6 Bxf2+ 16. Rxf2 Kxc6 17. Bg5 Rde8 18. Bxf6 gxf6 19. Kf1 Re5 20. Re1 Rhe8 21. Rxe5 fxe5 22. Ke2 d5 23. g4 Kd6 24. g5 e4 25. b4 Ke5 26. Ke3 a5 27. a3 Ra8 28. b5 a4 29. f6 Rb8 30. Rb2 c5 31. bxc6 Rxb2 32. c7 Rc2 33. c8=Q d4+ 34. cxd4+ 1-0


[Site "https://www.chess.com"]